 Dungeon Crawl Stone Soup version 0.32-a0-909-gc671339a80 (webtiles) character file.

Game seed: 12707481211859638538

2718 Droidtality99 the Cleaver (level 9, -8/54 HPs)
             Began as a Gargoyle Fighter on Apr 6, 2024.
             Was a Believer of Okawaru.
             Shot with an arrow by an orc warrior (10 damage)
             ... on level 7 of the Dungeon.
             The game lasted 00:07:33 (5966 turns).

Droidtality99 the Cleaver (Gargoyle Fighter)        Turns: 5966, Time: 00:07:33

Health: -8/54      AC: 17    Str: 25    XL:     9   Next: 66%
Magic:  9/9        EV: 13    Int:  8    God:    Okawaru [**....]
Gold:   409        SH:  0    Dex:  9    Spells: 8/8 levels left

rFire   + . .        D - +3 battleaxe
rCold   . . .        (shield currently unavailable)
rNeg    + . .        s - +0 chain mail
rPois   ∞            (no helmet)
rElec   +            (no cloak)
rCorr   .            B - +0 pair of gloves
SInv    .            (no boots)
Will    .....        (no amulet) Stlth
                     w - ring of protection from fire
HPRegen 0.29/turn    n - +5 ring of evasion
MPRegen 0.11/turn

%: no passive effects
@: no status effects
A: sickness immunity, AC +6, negative energy resistance 1, electricity
resistance, torment resistance 1, petrification resistance
a: Renounce Religion, Heroism


You were on level 7 of the Dungeon.
You worshipped Okawaru.
Okawaru was pleased with you.
You visited 2 branches of the dungeon, and saw 8 of its levels.

You collected 409 gold pieces.

Inventory:

Hand Weapons
 a - a +0 war axe
 r - a +3 war axe
 C - a +5 flail of freezing
 D - a +3 battleaxe (weapon)
Armour
 b - a +0 scale mail
 c - a +0 buckler
 s - a +0 chain mail (worn)
 B - a +0 pair of gloves (worn)
Jewellery
 f - a ring of willpower
 n - a +5 ring of evasion (right hand)
 w - a ring of protection from fire (left hand)
Scrolls
 e - a scroll of immolation {unknown}
 g - a scroll of poison {unknown}
 i - a scroll of amnesia {unknown}
 k - 3 scrolls of enchant armour {unknown}
 l - 2 scrolls of revelation {unknown}
 m - 3 scrolls of noise
 o - a scroll of teleportation {unknown}
 q - 2 scrolls of fear {unknown}
 u - a scroll of identify
 v - a scroll of torment {unknown}
 y - 2 scrolls of fog {unknown}
Potions
 d - 5 potions of might
 h - 6 potions of curing
 j - a potion of ambrosia {unknown}
 p - 3 potions of brilliance
 t - 2 potions of attraction
 x - a potion of invisibility {unknown}
 z - a potion of mutation {unknown}
 A - 3 potions of magic


   Skills:
 + Level 5.4 Fighting
 * Level 9.7 Axes
 + Level 6.2 Armour
 + Level 1.7 Dodging
 + Level 0.7 Stealth
 + Level 5.1 Shields


You had 8 spell levels left.
You didn't know any spells.
Your spell library contained the following spells:

 Spells                   Type           Power      Damage    Failure   Level
 Magic Dart               Conj           0%         1d3       90%         1
 Sandblast                Erth           0%         2d4       90%         1
 Slow                     Hex            0%         N/A       90%         1
 Blink                    Tloc           0%         N/A       97%         2
 Jinxbite                 Hex            0%         N/A       97%         2
 Lesser Beckoning         Tloc           0%         N/A       97%         2
 Momentum Strike          Conj/Tloc      0%         3d8       97%         2
 Confusing Touch          Hex            0%         N/A       99%         3
 Stone Arrow              Conj/Erth      0%         3d7       99%         3
 Vampiric Draining        Necr           0%         2d6       99%         3
 Brom's Barrelling Bould  Conj/Erth      0%         2d3       100%        4
 Yara's Violent Unravell  Hex/Alch       0%         3d3       100%        5
 Enfeeble                 Hex            0%         N/A       100%        7
 Chain Lightning          Conj/Air       0%         N/A       100%        9
 Fire Storm               Conj/Fire      0%         5d1       100%        9
 Shatter                  Erth           0%         3d5*      100%        9
 Call Imp                 Summ           Unusable   N/A       N/A         2

Dungeon Overview and Level Annotations

Branches:
Dungeon (7/15)             Temple (1/1) D:5

Altars:
Ashenzari
Cheibriados
Dithmenos
Fedhas
Gozag
Hepliaklqana
Kikubaaqudgha
Makhleb
Nemelex Xobeh
Okawaru
Qazlal
Ru
Uskayaw
Vehumet
Wu Jian
Xom
Yredelemnul
Zin
The Shining One


Innate Abilities, Weirdness & Mutations

You are immune to sickness and miasma.
Your stone body is resilient. (AC +6)
You are immune to poison.
You resist negative energy. (rN+)
You are resistant to electric shocks. (rElec)
You are resistant to unholy torment.
You are immune to petrification.


Message History

The orc warrior unwields a +0 orcbow.
The orc warrior wields a +0 long sword.
The orc warrior hits you but does no damage.
You see here a +0 hand axe.
You slash the orc warrior!
The orc warrior is heavily wounded.
The orc warrior hits you but does no damage.
An orc comes into view. It is wielding a +0 short sword.
You hit the orc warrior.
The orc warrior is severely wounded.
The orc warrior hits you with a +0 long sword!
You closely miss the orc warrior.
The orc warrior is severely wounded.
The orc warrior closely misses you.
The orc warrior hits you with a +0 long sword!
You are too injured to fight recklessly!
You are too injured to fight recklessly!
You are too injured to fight recklessly!
You are too injured to fight recklessly!
Unknown command.
You barely miss the orc warrior.
The orc warrior is severely wounded.
The orc warrior barely misses you.
You slash the orc warrior!
The orc warrior is almost dead.
The orc warrior hits you with a +0 long sword!
* * * LOW HITPOINT WARNING * * *
You closely miss the orc warrior.
The orc warrior is almost dead.
The orc warrior hits you with a +0 long sword!
* * * LOW HITPOINT WARNING * * *
You barely miss the orc warrior.
The orc warrior is almost dead.
The orc warrior hits you with a +0 long sword!
* * * LOW HITPOINT WARNING * * *
Unknown command.
Okay, then.
The orc warrior unwields a +0 long sword.
The orc warrior wields a +0 orcbow.
The orc warrior shoots an arrow.
The arrow hits you!
You die...

#........[>....#
#.####.#########
#.# #.# #.# #.#
#.# #<# #.# #.#
#.# #.# #.# #.#
#@# #.# #)# #.#
#o# #.##########
#o# #..(.......#
#o# ##########.#
#.# ########.#
#.. .........#
### ########.##
#...


You could see an orc warrior and 2 orcs.

Vanquished Creatures
  Sigmund (D:5)
  Eustachio (D:4)
  2 ice beasts
  An orc warrior (D:6)
  3 black bears
  An ogre (D:6)
  A centaur (D:5)
  3 phantoms
  2 bullfrogs
  A scorpion (D:4)
  10 wights
  3 jellies (D:6)
  A bombardier beetle (D:4)
  A gnoll bouda (D:7)
  5 orc priests
  A hound (D:4)
  Terence (D:2)
  3 iguanas
  5 orc wizards
  3 gnolls (D:7)
  15 adders
  2 ufetubi (D:7)
  3 dart slugs
  16 orcs
  4 bats
  8 endoplasms
  2 giant cockroaches
  5 hobgoblins
  4 kobolds
  A quokka (D:3)
  10 ball pythons
  3 frilled lizards
  7 goblins
  5 rats
134 creatures vanquished.

Notes
Turn   | Place    | Note
-------+----------+-------------------------------------------
     0 | D:1      | Droidtality99 the Gargoyle Fighter began the quest for the
                  | Orb.
     0 | D:1      | Reached XP level 1. HP: 14/14 MP: 1/1
    92 | D:1      | Reached XP level 2. HP: 16/19 MP: 2/2
   130 | D:1      | Reached skill level 2 in Axes
   516 | D:1      | Reached XP level 3. HP: 23/23 MP: 3/3
   811 | D:2      | Noticed Terence
   814 | D:2      | Killed Terence
   815 | D:2      | Reached skill level 3 in Axes
   815 | D:2      | Reached XP level 4. HP: 26/28 MP: 4/4
  1600 | D:3      | Reached XP level 5. HP: 33/33 MP: 5/5
  1858 | D:4      | Reached skill level 4 in Axes
  1918 | D:4      | Noticed a phantom
  1925 | D:4      | Killed a phantom
  1926 | D:4      | Reached XP level 6. HP: 38/38 MP: 6/6
  2486 | D:4      | Reached skill level 5 in Axes
  2877 | D:4      | Noticed a black bear
  2888 | D:4      | Killed a black bear
  2889 | D:4      | Reached XP level 7. HP: 34/43 MP: 7/7
  3049 | D:5      | Entered Level 5 of the Dungeon
  3230 | D:5      | Found a staircase to the Ecumenical Temple.
  3297 | D:5      | Noticed Sigmund
  3554 | D:4      | Reached skill level 6 in Axes
  3848 | D:5      | Noticed Eustachio
  3884 | D:4      | Killed Eustachio
  3885 | D:4      | Reached XP level 8. HP: 46/48 MP: 8/8
  3937 | D:5      | Reached skill level 7 in Axes
  3986 | D:5      | Reached skill level 5 in Armour
  3986 | D:5      | Reached skill level 1 in Dodging
  4274 | D:5      | Killed Sigmund
  4437 | Temple   | Entered the Ecumenical Temple
  4451 | Temple   | Became a worshipper of Warmaster Okawaru
  4670 | D:6      | Reached skill level 8 in Axes
  4789 | D:6      | Reached * piety under Okawaru
  4806 | D:6      | Reached skill level 5 in Shields
  4991 | D:6      | Reached XP level 9. HP: 53/53 MP: 9/9
  5118 | D:6      | Reached skill level 5 in Fighting
  5181 | D:6      | Reached skill level 9 in Axes
  5665 | D:7      | Reached ** piety under Okawaru
  5965 | D:7      | HP: 2/54 [orc warrior/+0 long sword (7)]
  5966 | D:7      | Shot with an arrow by an orc warrior

Illustrated notes

Levels and vault maps discovered:
D:1:      spicycebolla_arrival_ecumenical, layout_basic,
          wander_ebering_terrifying_dragon_lair
D:2:      layout_loops_ring, serial_rivers, chequers_serial_rivers_room_b,
          chequers_serial_rivers_micro_c, chequers_serial_rivers_micro_e,
          chequers_serial_rivers_small_3, chequers_serial_rivers_micro_c,
          uniq_terence
D:3:      layout_rooms, kennysheep_big_empty_room
D:4:      layout_gridville, minmay_tree_intersection
D:5:      layout_rooms, minmay_temple_entry_ruins, uniq_sigmund, uniq_eustachio
D:6:      layout_loops_ring
D:7:      layout_loops_ring, lemuel_tele_altar
Temple:   nicolae_temple_bog_church

Skill      XL: |  1  2  3  4  5  6  7  8  9 |
---------------+----------------------------+-----
Axes           | 2 3 4 5 6 8 9 |  9.7
Armour         | 4 5 6 |  6.2
Shields        | 4 5 |  5.1
Fighting       | 4 5 |  5.4
Dodging        | 1 |  1.7
Stealth        | |  0.7

Action                     |  1- 3 |  4- 6 |  7- 9 || total
---------------------------+-------+-------+-------++-------
  Melee: War axe           |    67 |   119 |   178 ||   364
         Flail             |       |       |    37 ||    37
         Battleaxe         |       |       |    32 ||    32
    Use: Scroll            |       |     2 |     3 ||     5
 Armour: Scale mail        |    65 |    13 |       ||    78
         Chain mail        |       |    72 |   228 ||   300
  Dodge: Dodged            |    34 |    79 |   200 ||   313
  Block: Buckler           |    14 |    24 |    70 ||   108

Table legend: (Time is in decaauts)
 A = Elapsed time spent in this place.
 B = Non-inter-level travel time spent in this place.
 C = Inter-level travel time spent in this place.
 D = Time resting spent in this place.
 E = Time spent auto-exploring this place.
 F = Levels seen in this place.
 G = Mean time per level.
                   A        B        C        D        E       F      G
               +--------+--------+--------+--------+--------+-----+--------+
         Total |   6075 |   5610 |    465 |   1356 |   3197 |   8 |  759.4 |
       Dungeon |   6042 |   5607 |    435 |   1356 |   3197 |   7 |  863.1 |
        Temple |     32 |      2 |     30 |      0 |      0 |   1 |   32.0 |
               +--------+--------+--------+--------+--------+-----+--------+

Top non-repeatable levels by time:
     D:4: 2129 daAuts
     D:6: 1221 daAuts
     D:2: 700 daAuts
     D:1: 620 daAuts
     D:5: 566 daAuts
     D:3: 551 daAuts
     D:7: 253 daAuts
  Temple: 32 daAuts
